 Dungeon Crawl Stone Soup version 0.24-a0-475-g5b41c6f198 (webtiles) character file.

Game seed: 4800543493953822803

43 pk666 the Magician (level 3, 0/19 HPs)
             Began as a Deep Elf Wizard on July 5, 2019.
             Killed from afar by Natasha (8 damage)
             ... with a magic dart
             ... on level 2 of the Dungeon.
             The game lasted 00:02:13 (1428 turns).

pk666 the Magician (Deep Elf Wizard)                Turns: 1428, Time: 00:02:15

Health: 0/19       AC:  3    Str:  4    XL:     3   Next: 37%
Magic:  5/11       EV: 13    Int: 23    God:
Gold:   68         SH:  0    Dex: 13    Spells: 3/12 levels left

rFire    . . .     SeeInvis .   c - +0 dagger
rCold    . . .     Gourm    .   (no shield)
rNeg     . . .     Faith    .   a - +0 robe
rPois    .         Spirit   .   b - +0 hat
rElec    .         Reflect  .   (no cloak)
rCorr    .         Harm     .   h - +0 pair of gloves
MR       .....                  (no boots)
Stlth    ++........             (no amulet)
HPRegen  0.06/turn              (no ring)
MPRegen  0.12/turn              (no ring)

@: no status effects
A: no striking features
a: no special abilities


You were on level 2 of the Dungeon.
You were not hungry.

You visited 1 branch of the dungeon, and saw 2 of its levels.

You collected 68 gold pieces.

Inventory:

Hand Weapons
 c - a +0 dagger (weapon)
Armour
 a - a +0 robe (worn)
 b - a +0 hat (worn)
 h - a +0 pair of gloves (worn)
Jewellery
 k - an uncursed ring of wizardry {unknown}
Scrolls
 e - 2 scrolls of identify {unknown}
 f - a scroll of teleportation {unknown}
Potions
 g - a potion of might {unknown}
 i - 2 potions of lignification {unknown}
 j - a potion of heal wounds {unknown}
Comestibles
 d - a ration


   Skills:
 - Level 3.2 Dodging
 - Level 2.4 Stealth
 + Level 5.0 Spellcasting
 + Level 2.1 Conjurations
   Level 1.1 Summonings
 + Level 1.2 Translocations
 + Level 0.3 Fire Magic
 + Level 0.1 Air Magic
 + Level 0.2 Poison Magic


You had 3 spell levels left.
You knew the following spells:

 Your Spells              Type           Power        Failure   Level  Hunger
a - Magic Dart            Conj           ###.         3%          1    None
b - Blink                 Tloc           N/A          9%          2    None
c - Conjure Flame         Conj/Fire      ##......     17%         3    ##.....
d - Mephitic Cloud        Conj/Pois/Air  #.......     21%         3    ##.....

Your spell library contained the following spells:

 Spells                   Type           Power        Failure   Level  Hunger
 Call Imp                 Summ           ##......     9%          2    None
 Slow                     Hex            #.......     14%         2    None


Dungeon Overview and Level Annotations

Branches:
Dungeon (2/15)

Altars:
Nemelex Xobeh

Annotations:
D:2 Natasha


Message History

Casting: Magic Dart (safe; 3% risk of failure)
Confirm with . or Enter, or press ? or * to list all spells.
Aiming: Magic Dart (safe; 3% risk of failure)
Press: ? - help, Shift-Dir - straight line, f/p - Natasha
Aim: Natasha (heavily wounded)
The magic dart hits Natasha.
Natasha is heavily wounded.
Natasha claws you.
Casting: Magic Dart (safe; 3% risk of failure)
Confirm with . or Enter, or press ? or * to list all spells.
Aiming: Magic Dart (safe; 3% risk of failure)
Press: ? - help, Shift-Dir - straight line, f/p - Natasha
Aim: Natasha (heavily wounded)
The magic dart hits Natasha.
Natasha is almost dead.
Natasha wildly gestures.
Natasha shimmers violently.
Natasha stares at you and mumbles some strange words.
The magic dart hits you!
You die...

.. .# #. ##### .#
.. #...## .##.#
#..... ...
####....##.#
#.......5..#
#.......h..#
#......@...#
####...###.#
#.......#
#...##### ##.##
##.(.##
##.#.#.##########
#.##.##.#........
#.##<.......#.###


You could see Natasha and a crimson imp.

Vanquished Creatures
  A worm (D:2)
  2 dart slugs
  2 leopard geckos (D:1)
  3 bats (D:1)
  A giant cockroach (D:1)
  7 goblins (D:1)
  4 hobgoblins (D:1)
  A frilled lizard (D:1)
  6 kobolds (D:1)
  5 rats (D:1)
32 creatures vanquished.

Notes
Turn   | Place    | Note
-------+----------+-------------------------------------------
     0 | D:1      | pk666 the Deep Elf Wizard began the quest for the Orb.
     0 | D:1      | Reached XP level 1. HP: 10/10 MP: 7/7
   261 | D:1      | Reached XP level 2. HP: 8/15 MP: 0/9
   870 | D:1      | Reached XP level 3. HP: 19/19 MP: 8/11
   874 | D:1      | Learned a level 2 spell: Blink
   878 | D:1      | Learned a level 3 spell: Conjure Flame
   882 | D:1      | Learned a level 3 spell: Mephitic Cloud
  1141 | D:1      | Reached skill level 5 in Spellcasting
  1250 | D:2      | Found a sparkling altar of Nemelex Xobeh.
  1419 | D:2      | Noticed Natasha
  1428 | D:2      | Killed from afar by Natasha

Levels and vault maps discovered:
D:1:      psy_arrival_whirlpool, layout_basic
D:2:      layout_loops_cross, nemelex_xobeh_ov_fountains_minmay,
          nicolae_dithmenos_through_a_glass_darkly, vehumet_crystals,
          uniq_natasha, uniq_crazy_yiuf_cottage, uniq_terence

Skill      XL: |  1  2  3 |
---------------+----------+-----
Dodging        | 3 |  3.2
Conjurations   | 2 |  2.1
Spellcasting   | 5 |  5.0
Stealth        | |  2.4
Summonings     | |  1.1
Translocations | |  1.2
Fire Magic     | |  0.3
Air Magic      | |  0.1
Poison Magic   | |  0.2

Action                   || total
-------------------------++-------
 Cast: Magic Dart        ||    89
  Eat: Chunk             ||     1
Armor: Robe              ||     2
Dodge: Dodged            ||    13

Table legend:
 A = Non-vault XP
 B = Vault XP
 C = Vault XP percentage of total XP
 D = Non-vault monster count
 E = Vault monster count
 F = Vault count percentage of total count
                 A         B        C        D         E       F
            +---------+---------+-------+---------+---------+-------
      Total |      62 |       0 |   0.0 |      32 |       0 |   0.0
            +---------+---------+-------+---------+---------+-------
        D:1 |      53 |       0 |   0.0 |      30 |       0 |   0.0
        D:2 |       9 |       0 |   0.0 |       2 |       0 |   0.0
            +---------+---------+-------+---------+---------+-------
